cohdb
Replays
Latest Replays
All Replays
Popular Replays
Top Player Replays
Match Explorer
How It Works
Community
CoH3 Stats
Reddit
Sign in to upload your games and track your stats! →
Sign in with Steam
Match 47233373
Unlisted
Match 47233373
Overview
Messages
Build Orders
End
Scout Squad
Construct Weapon Support Center
Selects Heavy Weapons
M1919 Machine Gun Team
M1919 Machine Gun Team
M1919 Machine Gun Team
Engineer Squad
Mechanized Support Center
Selects M2HB .50cal Heavy Machine Gun
Bazooka Squad
Bazooka Squad
Construct Tank Depot
Bazooka Squad
Selects Gallant Stand
M4A1 Sherman Medium Tank
Selects Black Dragon Artillery Barrage
Selects Assault Carriers
Black Dragon Artillery Barrage
Designate Forward Repair Station
M4A1 76mm Conversion
Bazooka Squad
Improvised Armor
Engineer Squad
M4A1(76) Sherman Medium Tank
Yudachi
埃琳喵
goodgame
HarryBot
Skibidi Rizzler
[PD] [9C] [FT] Claudius Tacitus
Nico-Nico-Nii~~
Deutsche Eiche
0
0
Comments
sign in to comment!
No comments posted yet!